 Dungeon Crawl Stone Soup version 0.31-a0-7-g51783674b7 (webtiles) character file.

Game seed: 2594149078218277117

392 Pimp the Ducker (level 6, -4/48 HPs)
             Began as a Merfolk Gladiator on May 5, 2023.
             Killed from afar by Natasha (8 damage)
             ... with a magic dart
             ... on level 3 of the Dungeon.
             The game lasted 00:05:48 (2081 turns).

Pimp the Ducker (Merfolk Gladiator)                 Turns: 2081, Time: 00:05:48

Health: -4/48      AC: 10    Str: 20    XL:     6   Next: 81%
Magic:  6/6        EV: 14    Int: 15    God:
Gold:   145        SH:  0    Dex: 14    Spells: 5/5 levels left

rFire   . . .        a - +1 trident
rCold   . . .        (no shield)
rNeg    + . .        n - +4 robe of the Dropbear {rN+ Str+5 Int+2 Dex-5}
rPois   +            y - +2 helmet {SInv}
rElec   .            (no cloak)
rCorr   .            (no gloves)
SInv    +            h - +0 pair of boots
Will    .....        (no amulet)
Stlth   +            w - +6 ring of intelligence
HPRegen 0.28/turn    (no ring)
MPRegen 0.10/turn

%: no passive effects
@: brilliant, slowed, very slow
A: (nimble swimmer 2), mertail, agile 1, poison resistance
a: no special abilities


You were on level 3 of the Dungeon.
You visited 1 branch of the dungeon, and saw 3 of its levels.

You collected 145 gold pieces.

Inventory:

Hand Weapons
 a - a +1 trident (weapon)
Missiles
 d - 3 throwing nets (quivered)
 e - a javelin
Armour
 h - a +0 pair of boots (worn)
 n - the +4 robe of the Dropbear (worn) {rN+ Str+5 Int+2 Dex-5}
   (You found it on level 2 of the Dungeon)

   Str:       It affects your strength (+5).
   Int:       It affects your intelligence (+2).
   Dex:       It affects your dexterity (-5).
   rN:        It protects you from negative energy.
 y - a +2 helmet of see invisible (worn)
Jewellery
 w - a +6 ring of intelligence (left hand)
Wands
 u - a wand of polymorph (9)
 z - a wand of flame (13)
Scrolls
 b - a scroll of silence
 g - 4 scrolls of teleportation
 i - a scroll of vulnerability
 j - a scroll of blinking
 r - 2 scrolls of noise
Potions
 l - a potion of haste
 m - a potion of lignification
 t - a potion of flight {unknown}
 x - a potion of curing {unknown}


   Skills:
 + Level 4.2 Fighting
 + Level 5.9 Polearms
 + Level 3.8 Throwing
 + Level 6.0 Dodging


You had 5 spell levels left.
You didn't know any spells.
Your spell library was empty.

Dungeon Overview and Level Annotations

Branches:
Dungeon (3/15)

Altars:
Kikubaaqudgha
Xom

Annotations:
D:3 Natasha


Innate Abilities, Weirdness & Mutations

((You are very nimble when in or above water. (Stealth+, EV+, Speed+++)))
Your lower body shifts to a powerful aquatic tail in water.
You are agile. (Dex +4, Str/Int -1)
Your system is resistant to poisons. (rPois)


Message History

The crimson imp barely misses you.
You closely miss the crimson imp.
You feel sick. The crimson imp misses you. The crimson imp puffs mist at you.
The crimson imp hits you but does no damage.
You closely miss the crimson imp.
You feel sick.
The crimson imp hits you but does no damage.
The crimson imp barely misses you. The crimson imp closely misses you.
The crimson imp hits you but does no damage.
You puncture the crimson imp!
You kill the crimson imp!
You feel sick.
You are no longer poisoned.
The crimson imp hits you but does no damage.
Natasha stares at you and mumbles some strange words.
The magic dart hits you.
Your Dodging skill increases to level 6!
You barely miss Natasha.
The crimson imp blinks!
Natasha zaps a wand.
The roots erupt in riotous growth!
The grasping roots grab you!
Natasha is unaffected.
The grasping roots constrict you.
The crimson imp blinks! x2
You hit Natasha.
Natasha is lightly wounded.
Natasha barely misses you. The grasping roots constrict you.
* * * LOW HITPOINT WARNING * * *
Natasha claws you.
* * * LOW HITPOINT WARNING * * *
The grasping roots constrict you.
* * * LOW HITPOINT WARNING * * *
The grasping roots release their grip on you.
It was a potion of brilliance.
You feel clever all of a sudden. The crimson imp closely misses you.
Natasha closely misses you. The crimson imp barely misses you.
It was a potion of mutation.
You feel extremely strange.
You feel resistant to poisons.
You feel agile. Natasha claws you but does no damage.
The crimson imp misses you. Natasha casts a spell at you.
The magic dart hits you!
You die...

.#.#
#^.^#....#
...#
#...#....#
#.##
+._.'....# ..#
#...#...##
....#
#.#^#..## ..
###...
#.#.##..##....
.. ...
#####..5....h!
## ##
##h###..?. ..
#@# ... #.
#.....5.# ..
###.....# (
#.....#
#......
###.....
..##.> ## ..>


You could see Natasha and 2 crimson imps.

Vanquished Creatures
  Pargi (D:3)
  A scorpion (D:2)
  2 crimson imps (D:3)
  Jessica (D:3)
  Natasha (twice) (D:3)
  4 adders (D:2)
  A dart slug (D:3)
  5 orcs
  8 bats
  2 bat zombies (D:3)
  3 endoplasms
  A giant cockroach (D:1)
  2 goblins
  4 hobgoblins
  4 jackals
  3 kobolds
  2 quokkas
  6 ball pythons
  2 frilled lizards (D:2)
  9 rats
  A rat zombie (D:3)
64 creatures vanquished.

Notes
Turn   | Place    | Note
-------+----------+-------------------------------------------
     0 | D:1      | Pimp the Merfolk Gladiator began the quest for the Orb.
     0 | D:1      | Reached XP level 1. HP: 16/16 MP: 1/1
   235 | D:1      | Reached XP level 2. HP: 23/23 MP: 2/2
   848 | D:2      | Reached XP level 3. HP: 25/28 MP: 3/3
   927 | D:2      | Identified the +4 robe of the Dropbear {rN+ Str+5 Int+2
                  | Dex-5}
  1003 | D:2      | Found a faded altar of an unknown god.
  1007 | D:2      | Noticed a scorpion
  1015 | D:2      | Killed a scorpion
  1016 | D:2      | Reached skill level 5 in Polearms
  1016 | D:2      | Reached skill level 5 in Dodging
  1016 | D:2      | Reached XP level 4. HP: 20/35 MP: 4/4
  1175 | D:2      | Reached XP level 5. HP: 41/41 MP: 5/5
  1670 | D:3      | Noticed Natasha
  1681 | D:3      | Noticed Jessica
  1682 | D:3      | Killed Natasha
  1688 | D:3      | Killed Jessica
  1939 | D:3      | Noticed Natasha
  1947 | D:3      | Killed Natasha
  1948 | D:3      | Reached XP level 6. HP: 47/48 MP: 6/6
  1955 | D:3      | Found an ancient bone altar of Kikubaaqudgha.
  1976 | D:3      | Noticed Pargi
  1992 | D:3      | Killed Pargi
  2056 | D:3      | Found a shimmering altar of Xom.
  2072 | D:3      | Noticed Natasha
  2078 | D:3      | Reached skill level 6 in Dodging
  2081 | D:3      | Gained mutation: Your system is resistant to poisons.
                  | (rPois) [potion of mutation]
  2081 | D:3      | Gained mutation: You are agile. (Dex +4, Str/Int -1)
                  | [potion of mutation]
  2081 | D:3      | Killed from afar by Natasha

Illustrated notes

Levels and vault maps discovered:
D:1:      dpeg_arrival_rooms_c, layout_basic
D:2:      layout_basic, ebering_ecumenical_altar_sacrificial
D:3:      layout_rooms, lemuel_zombie_altar_kikubaaqudgha,
          makhleb_altar_promises_db, led_xom_imps, uniq_jessica, uniq_natasha,
          uniq_pargi

Skill      XL: |  1  2  3  4  5  6 |
---------------+-------------------+-----
Fighting       | 3 4 |  4.2
Polearms       | 5 |  5.9
Dodging        | 5 6 |  6.0
Throwing       | 3 |  3.8

Action                     |  1- 3 |  4- 6 || total
---------------------------+-------+-------++-------
  Melee: Trident           |   111 |   135 ||   246
         Punch             |     1 |     1 ||     2
    Use: Scroll            |       |    10 ||    10
         Potion            |       |     3 ||     3
   Stab: Sleeping          |     1 |     1 ||     2
 Armour: Leather armour    |    38 |       ||    38
         Robe              |    12 |    70 ||    82
  Dodge: Dodged            |   110 |   150 ||   260

Table legend: (Time is in decaauts)
 A = Elapsed time spent in this place.
 B = Non-inter-level travel time spent in this place.
 C = Inter-level travel time spent in this place.
 D = Time resting spent in this place.
 E = Time spent auto-exploring this place.
 F = Levels seen in this place.
 G = Mean time per level.
                   A        B        C        D        E       F      G
               +--------+--------+--------+--------+--------+-----+--------+
         Total |   2082 |   2040 |     42 |    333 |   1090 |   3 |  694.0 |
       Dungeon |   2082 |   2040 |     42 |    333 |   1090 |   3 |  694.0 |
               +--------+--------+--------+--------+--------+-----+--------+

Top non-repeatable levels by time:
     D:1: 846 daAuts
     D:2: 665 daAuts
     D:3: 571 daAuts
